 Dungeon Crawl Stone Soup version 0.28-a0-1080-g05a166d0ed (webtiles) character file.

Game seed: 2695175310047348902

9 yoda5477 the Skirmisher (level 2, 17/24 HPs)
             Began as a Demonspawn Fighter on Dec 9, 2021.
             Quit the game on level 2 of the Dungeon.
             The game lasted 00:00:54 (383 turns).

yoda5477 the Skirmisher (Demonspawn Fighter)         Turns: 383, Time: 00:00:54

Health: 17/24      AC:  6    Str: 16    XL:     2   Next: 3%
Magic:  2/2        EV:  9    Int:  9    God:
Gold:   8          SH:  4    Dex: 12    Spells: 1/1 levels left

rFire   . . .      SeeInvis .   a - +0 war axe
rCold   . . .      Faith    .   c - +0 buckler
rNeg    . . .      Spirit   .   b - +0 scale mail
rPois   .          Reflect  .   (no helmet)
rElec   .          Harm     .   (no cloak)
rCorr   .          Rampage  .   (no gloves)
Will    .....                   (no boots)
Stlth   ..........              (no amulet)
HPRegen 0.08/turn               (no ring)
MPRegen 0.08/turn               (no ring)

@: no status effects
A: demonic touch 1
a: no special abilities


You were on level 2 of the Dungeon.
You visited 1 branch of the dungeon, and saw 2 of its levels.

You collected 8 gold pieces.

Inventory:

Hand Weapons
 a - a +0 war axe (weapon)
Armour
 b - a +0 scale mail (worn)
 c - a +0 buckler (worn)
Potions
 d - a potion of might
 e - a potion of brilliance {unknown}
 f - a potion of degeneration {unknown}
 g - a potion of curing {unknown}


   Skills:
 - Level 3.0 Fighting
 * Level 2.2 Axes
 - Level 2.6 Armour
 * Level 0.9 Stealth
 - Level 2.6 Shields


You had one spell level left.
You didn't know any spells.
Your spell library was empty.

Dungeon Overview and Level Annotations

Branches:
Dungeon (2/15)

Altars:


Innate Abilities, Weirdness & Mutations

Your touch may inflict minor irresistible damage on your foes.


Message History

The quokka is severely wounded.
The quokka barely misses you.
You slash the quokka!
You kill the quokka!
You start resting.
HP restored.
g - a sedimented amethyst potion No target in view!
A rat comes into view.
The rat closely misses you.
You closely miss the rat. The rat barely misses you.
You slash the rat!
You kill the rat!
No target in view!
You see here a rat corpse.
Found 24 stones.
You see here 24 stones.
You see here a rat corpse.
Found a stone staircase leading down.
You now have 8 gold pieces.
There is a stone staircase leading down here.
You climb downwards.
The endoplasm quivers.
There is a stone staircase leading up here.
The endoplasm freezes you.
You are frozen.
You hit the endoplasm.
The endoplasm is lightly wounded.
The endoplasm freezes you.
You are frozen.
You hit the endoplasm.
The endoplasm is almost dead.
The endoplasm barely misses you.
You slash the endoplasm!
You kill the endoplasm!
You have reached level 2!
Your demonic ancestry asserts itself...
Your hands begin to faintly glow with unholy energy.
Unknown command.
Are you sure you want to abandon this character and quit the game? (Confirm with "yes".)

### ... #.#
#.# #.# #.#
#.# .
#####<###....
#....@.......
#............
#.........###
#.........#
#####+#####


There were no monsters in sight!

Vanquished Creatures
  A bat (D:1)
  An endoplasm (D:2)
  A giant cockroach (D:1)
  A hobgoblin (D:1)
  A quokka (D:1)
  A ball python (D:1)
  2 rats (D:1)
8 creatures vanquished.

Notes
Turn   | Place    | Note
-------+----------+-------------------------------------------
     0 | D:1      | yoda5477 the Demonspawn Fighter began the quest for the
                  | Orb.
     0 | D:1      | Reached XP level 1. HP: 18/18 MP: 1/1
   383 | D:2      | Gained mutation: Your touch may inflict minor irresistible
                  | damage on your foes. [demonic ancestry]
   383 | D:2      | Reached XP level 2. HP: 17/24 MP: 2/2
   383 | D:2      | Quit the game

Illustrated notes

Levels and vault maps discovered:
D:1:      ncdulo_wetmaze, layout_basic, shapermc_ecumenical_altar_ellora
D:2:      layout_basic, grunt_ministairs_14, uniq_terence, uniq_robin

Skill      XL: |  1 |
---------------+----+-----
Axes           | 2 |  2.2
Fighting       | |  3.0
Armour         | |  2.6
Stealth        | |  0.9
Shields        | |  2.6

Action                   || total
-------------------------++-------
Melee: War axe           ||    33
Armor: Scale mail        ||    14
Dodge: Dodged            ||    17
Block: Buckler           ||     5

Table legend: (Time is in decaauts)
 A = Elapsed time spent in this place.
 B = Non-inter-level travel time spent in this place.
 C = Inter-level travel time spent in this place.
 D = Time resting spent in this place.
 E = Time spent auto-exploring this place.
 F = Levels seen in this place.
 G = Mean time per level.
                   A        B        C        D        E       F      G
               +--------+--------+--------+--------+--------+-----+--------+
         Total |    402 |    402 |      0 |    169 |    141 |   2 |  201.0 |
       Dungeon |    402 |    402 |      0 |    169 |    141 |   2 |  201.0 |
               +--------+--------+--------+--------+--------+-----+--------+

Top non-repeatable levels by time:
     D:1: 396 daAuts
     D:2: 6 daAuts
